 Dungeon Crawl Stone Soup version 0.24-a0-613-g1ff6aac338 (webtiles) character file.

Game seed: 8546130869493107141, levelgen mode: deterministic

671410 Htamos the Halfling Catapult (level 27, -3/324 HPs)
             Began as a Halfling Hunter on Sept 10, 2019.
             Was a Follower of Okawaru.
             Slain by an ice devil (7 damage)
             ... in the Vestibule of Hell on Sept 11, 2019.
             The game lasted 06:38:10 (82083 turns).

Htamos the Halfling Catapult (Halfling Hunter)     Turns: 82083, Time: 06:38:10

Health: -3/324     AC: 17    Str: 14    XL:     27
Magic:  18/25      EV:  3    Int:  9    God:    Okawaru [*.....]
Gold:   3412       SH: 23    Dex: 31    Spells: 21/29 levels left

rFire    . . .     SeeInvis .   U - +9 fustibalus (venom)
rCold    + + .     Gourm    .   I - +5 shield
rNeg     + + +     Faith    +   (armour currently unavailable)
rPois    +         Spirit   .   (helmet currently unavailable)
rElec    +         Reflect  .   (cloak currently unavailable)
rCorr    .         Harm     .   (gloves currently unavailable)
MR       +++..     NoTele   +   (boots currently unavailable)
Stlth    +++++++...             l - amulet "Hucann" {Faith rElec Str+2 Stlth+}
HPRegen  0.64/turn              s - ring of the Everdark {rC++ rN+ Str-4 Dex+4}
MPRegen  0.19/turn              t - ring of positive energy

@: tree-form, flayed, corroded, slowed, studying 2 skills, very slow
A: small, agile 1, magic resistance 1, mutation resistance 1
}: 4/15 runes: barnacled, silver, abyssal, gossamer
a: Heroism, Renounce Religion


You were in the Vestibule of Hell.
You worshipped Okawaru.
Okawaru was aware of your devotion.
You were not hungry.
You were a tree.
You visited 12 branches of the dungeon, and saw 50 of its levels.
You visited the Abyss 2 times.
You also visited: Wizlab.

You collected 6631 gold pieces.
You spent 3219 gold pieces at shops.

Inventory:

Hand Weapons
 a - a +2 sacred scourge of holy wrath
 d - the +3 sling "Punk" {acid, rCorr}
   (Trog gifted it to you on level 5 of the Depths)

   It provides partial protection from all sources of acid and corrosion.
 E - the +8 hunting sling "Ypradas" {speed, Int+2}
   (Trog gifted it to you on level 2 of the Orcish Mines)

   Attacks with this weapon are significantly faster.
   It affects your intelligence (+2).
 U - a +9 fustibalus of venom (weapon)
Missiles
 h - 12 throwing nets
 x - 12 curare-tipped darts
 H - 92 sling bullets (quivered)
 W - 99 stones
Armour
 e - a +2 helmet (melded)
 i - +2 gold dragon scales (melded)
 r - a +0 pair of gloves of archery (melded)
 w - the +5 scale mail of Instinct {rF+ rC+}
   (You took it off a deep elf master archer on level 3 of the Elven Halls)

   It protects you from fire.
   It protects you from cold.
 y - a +3 scale mail of positive energy
 I - a +5 shield (worn)
 K - a +2 pair of boots (melded)
 R - the +0 cloak of the Nightingale (melded) {Str+9 Int+7 Stlth-}
   (You found it on level 11 of the Dungeon)

   It affects your strength (+9).
   It affects your intelligence (+7).
   It makes you less stealthy.
Jewellery
 l - the amulet "Hucann" (around neck) {Faith rElec Str+2 Stlth+}
   (You found it on level 6 of the Lair of Beasts)

   [amulet of faith]

   It allows you to gain divine favour quickly.
   It affects your strength (+2).
   It insulates you from electricity.
   It makes you more stealthy.
 p - an uncursed ring of protection from fire
 s - the ring of the Everdark (left branch) {rC++ rN+ Str-4 Dex+4}
   (You bought it in a shop on level 1 of the Depths)

   [ring of positive energy]

   It affects your strength (-4).
   It affects your dexterity (+4).
   It greatly protects you from cold.
   It protects you from negative energy.
 t - a ring of positive energy (right branch)
 u - the amulet of the Wary Dances {Reflect rF++ rC+ rN+ Str-2 SH+3}
   (You took it off a vault warden on level 5 of the Vaults)

   [amulet of reflection]

   It shields you and reflects attacks.
   It affects your strength (-2).
   It greatly protects you from fire.
   It protects you from cold.
   It protects you from negative energy.
   It affects your SH (+3).
 B - the ring "Mughoz Bonu" {rElec rC+ Str+5 Int-5 Dex+3}
   (You took it off a deep elf sorcerer on level 3 of the Elven Halls)

   [ring of protection from cold]

   It affects your strength (+5).
   It affects your intelligence (-5).
   It affects your dexterity (+3).
   It protects you from cold.
   It insulates you from electricity.
 G - an uncursed ring of see invisible
 S - the ring of Reimbursement {rPois Dex+3}
   (You found it on level 14 of the Dungeon)

   [ring of dexterity]

   It affects your dexterity (+3).
   It protects you from poison.
 Z - the ring "Zaityomp" {rF++ MP-9 EV+2 Dex+6}
   (You took it off a deep elf annihilator on level 3 of the Elven Halls)

   [ring of evasion]

   It affects your evasion (+2).
   It affects your dexterity (+6).
   It greatly protects you from fire.
   It affects your magic capacity (-9).
Wands
 g - a wand of disintegration (15)
 F - a wand of digging (6)
 L - a wand of iceblast (38)
 P - a wand of flame (24)
Scrolls
 c - 4 scrolls of fog
 m - a scroll of teleportation
 M - 9 scrolls of immolation
 Q - 6 scrolls of fear
 V - 6 scrolls of identify {@rr}
 X - 8 scrolls of remove curse
 Y - 7 scrolls of magic mapping
Potions
 b - a potion of agility
 k - 12 potions of curing {@qc}
 n - 3 potions of berserk rage
 o - 4 potions of lignification
 q - 7 potions of magic
 v - 6 potions of flight
 z - 8 potions of mutation
 C - 4 potions of brilliance
 J - 4 potions of resistance
Books
 D - a manual of Conjurations
 O - a manual of Stealth
Miscellaneous
 j - the horn of Geryon (inert)
 A - 2 phantom mirrors
 T - 2 boxes of beasts
Comestibles
 f - 61 rations


   Skills:
 + Level 24.6 Fighting
   Level 11.7 Short Blades
 O Level 27 Slings
 + Level 20.2 Armour
 + Level 22.7 Dodging
 - Level 13.0 Stealth
 + Level 20.2 Shields
 + Level 1.5 Spellcasting
 + Level 2.5 Conjurations


You had 21 spell levels left.
You knew the following spells:

 Your Spells              Type           Power        Failure   Level  Hunger
a - Borgnjor's Vile Clut  Necr/Erth      #.........   100%        5    ######.
b - Regeneration          Chrm/Necr      #.........   75%         3    ####...

Your spell library contained the following spells:

 Spells                   Type           Power        Failure   Level  Hunger
 Magic Dart               Conj           #...         14%         1    ##.....
 Searing Ray              Conj           #.....       21%         2    ###....
 Shock                    Conj/Air       #...         22%         1    ##.....
 Animate Skeleton         Necr           N/A          36%         1    ##.....
 Apportation              Tloc           #.....       36%         1    ##.....
 Confusing Touch          Hex            #.....       36%         1    ##.....
 Corona                   Hex            #......      36%         1    ##.....
 Pain                     Necr           #...         36%         1    ##.....
 Sandblast                Erth           #.....       36%         1    ##.....
 Summon Butterflies       Summ           #.......     36%         1    ##.....
 Blink                    Tloc           N/A          50%         2    ###....
 Call Imp                 Summ           #.......     50%         2    ###....
 Corpse Rot               Necr           N/A          50%         2    ###....
 Ensorcelled Hibernation  Hex/Ice        #.....       50%         2    ###....
 Passwall                 Tmut/Erth      #.......     50%         2    ###....
 Slow                     Hex            #.......     50%         2    ###....
 Swiftness                Chrm/Air       #.......     50%         2    ###....
 Conjure Flame            Conj/Fire      #.......     56%         3    ####...
 Dazzling Spray           Conj/Hex       #.....       56%         3    ####...
 Static Discharge         Conj/Air       #.......     56%         3    ####...
 Stone Arrow              Conj/Erth      #.....       56%         3    ####...
 Mephitic Cloud           Conj/Pois/Air  #.......     63%         3    ####...
 Call Canine Familiar     Summ           #.......     75%         3    ####...
 Confuse                  Hex            #.......     75%         3    ####...
 Gell's Gravitas          Tloc           #.........   75%         3    ####...
 Lesser Beckoning         Tloc           #.........   75%         3    ####...
 Recall                   Summ/Tloc      N/A          75%         3    ####...
 Spider Form              Tmut/Pois      #.........   75%         3    ####...
 Tukima's Dance           Hex            #.......     75%         3    ####...
 Vampiric Draining        Necr           #.........   75%         3    ####...
 Iskenderun's Mystic Bla  Conj           #.......     80%         4    #####..
 Force Lance              Conj/Tloc      #.......     92%         4    #####..
 Fulminant Prism          Conj/Hex       #.........   92%         4    #####..
 Airstrike                Air            #.........   98%         4    #####..
 Animate Dead             Necr           N/A          98%         4    #####..
 Leda's Liquefaction      Hex/Erth       #.........   98%         4    #####..
 Petrify                  Tmut/Erth      #.......     98%         4    #####..
 Summon Ice Beast         Ice/Summ       #.......     98%         4    #####..
 Summon Lightning Spire   Summ/Air       #.......     98%         4    #####..
 Irradiate                Conj/Tmut      #.........   99%         5    ######.
 Lightning Bolt           Conj/Air       #.........   99%         5    ######.
 Venom Bolt               Conj/Pois      #.........   99%         5    ######.
 Alistair's Intoxication  Tmut/Pois      #.......     100%        5    ######.
 Aura of Abjuration       Summ           #.........   100%        5    ######.
 Lee's Rapid Deconstruct  Erth           #.........   100%        5    ######.
 Metabolic Englaciation   Hex/Ice        #.........   100%        5    ######.
 Silence                  Hex/Air        #.........   100%        5    ######.
 Summon Demon             Summ           #.........   100%        5    ######.
 Summon Forest            Summ/Tloc      #.........   100%        5    ######.
 Summon Mana Viper        Hex/Summ       #.......     100%        5    ######.
 Yara's Violent Unravell  Hex/Tmut       #.........   100%        5    ######.
 Conjure Ball Lightning   Conj/Air       #.........   100%        6    #######
 Death Channel            Necr           #.........   100%        6    #######
 Deflect Missiles         Chrm/Air       #.........   100%        6    #######
 Hydra Form               Tmut           #.........   100%        6    #######
 Invisibility             Hex            #.......     100%        6    #######
 Shadow Creatures         Summ           N/A          100%        6    #######
 Simulacrum               Ice/Necr       #.........   100%        6    #######
 Statue Form              Tmut/Erth      #........    100%        6    #######
 Dragon Form              Tmut           #.........   100%        7    #######
 Summon Hydra             Summ           #.........   100%        7    #######
 Ignition                 Fire           #.........   100%        8    #######
 Shatter                  Erth           #.........   100%        9    #######
 Tornado                  Air            #.........   100%        9    #######


Dungeon Overview and Level Annotations

Branches:
Dungeon (15/15)            Temple (1/1) D:4            Lair (6/6) D:10
 Shoals (4/4) Lair:4       Spider (4/4) Lair:2        Slime (0/5) Lair:5
    Orc (2/2) D:11            Elf (3/3) Orc:2        Vaults (5/5) D:13
  Crypt (3/3) Vaults:2       Tomb (1/3) Crypt:3      Depths (5/5) D:15
   Hell (1/1)                 Dis (0/7) Hell            Zot (0/5) Depths:5
 WizLab (visited)
    Geh: Hell:1         Coc: Hell:1         Tar: Hell:1

Altars:
Ashenzari
Cheibriados
Dithmenos
Elyvilon
Fedhas
Gozag
Hepliaklqana
Kikubaaqudgha
Makhleb
Nemelex Xobeh
Okawaru
Qazlal
Ru
Trog
Uskayaw
Wu Jian
Xom
Yredelemnul
Zin
The Shining One
Beogh

Shops:
D:13 *   Orc:2 %(([   Elf:1 *   Shoals:1 =   Vaults:3 *[   Depths:1 }==

Portals:
Hell: Depths:1 Depths:2 Depths:3 Depths:4 Depths:5
Abyss: Depths:4
Pandemonium: Depths:3
Ziggurat: Depths:3
Trove: D:13 (give 8 potions of agility)

Annotations:
D:6 exclusion: downstairs
D:10 2 runed translucent doors, exclusion: ice statue
D:12 exclusion: downstairs
Lair:5 2 transporters, gentoosiast's ghost, journeyman FoFi
Shoals:1 exclusion: downstairs
Orc:1 exclusion: downstairs
Elf:2 3 runed translucent doors, exclusion: downstairs
Depths:1 6 runed translucent doors
Depths:2 exclusion: downstairs
Hell Murray


Innate Abilities, Weirdness & Mutations

You are small and have problems with some larger weapons.
You are somewhat resistant to further mutation.
You are agile. (Dex +2)
You are resistant to hostile enchantments. (MR+)


Message History

You produce a hideous howling noise!
The flying skull hits you.
* * * LOW HITPOINT WARNING * * *
The ice devil hits you but does no damage.
The flayed ghost cries, "Feel what I felt!"
Terrible wounds spread across more of your body!
* * * LOW HITPOINT WARNING * * *
Something hits you!
* * * LOW HITPOINT WARNING * * *
The ice devil hits you but does no damage.
You block the flying skull's attack.
The wolf spider simulacrum hits you but does no damage.
You block the wolf spider simulacrum's attack.
The wraith hits you.
* * * LOW HITPOINT WARNING * * *
You block Murray's attack. Murray bites you but does no damage.
The ice devil hits you.
* * * LOW HITPOINT WARNING * * *
The ice devil freezes you! You resist.
You die...

......)................≈≈≈.≈
........#(.............≈≈≈≈≈
........#...............≈≈Z≈
........#................≈≈≈
............................
.............W..............
................Z§§.........
...............z{W2§..(.....
......#...#...W4♣Z§§........
...............4z4(...(.....
....#.#...#.#..WZ......(....
..##.#.....#.##.........(...
.####.#...#.####.........(..
##∩.##.)...##.∩##.........(.
#..###'''###..##...........
###.........# .#........
#.........#


You could see Murray, a hell beast, a flayed ghost, 3 ice devils, 2 hungry
ghosts, a wraith, a flying skull, a wolf spider simulacrum, a four-headed hydra
zombie and an ettin skeleton.

Vanquished Creatures
  Mara (Crypt:1)
  Mennas (Vaults:5)
  An ancient lich (Crypt:3)
  3 juggernauts
  Sojobo (Vaults:2)
  Saint Roka (Vaults:1)
  A caustic shrike (shapeshifter) (Vaults:5)
  A caustic shrike (Depths:3)
  Frederick (Vaults:5)
  Geryon (Hell)
  6 golden dragons
  Jory (Vaults:4)
  Nikola (Vaults:2)
  2 bone dragons
  9 liches
  Rupert (Vaults:2)
  2 Hell Sentinels
  5 tentacled monstrosities
  An Executioner (Abyss:4)
  7 titans
  3 quicksilver dragons
  9 tentacled starspawn
  9 sphinxes
  Gastronok (Lair:3)
  A thorn hunter (Abyss:4)
  Agnes (Spider:2)
  4 ancient champions
  2 revenants
  6 tengu reavers
  6 shadow dragons
  Donald (Orc:2)
  2 storm dragons (Depths:3)
  16 fire giants
  8 deep elf sorcerers
  A nagaraja (Abyss:4)
  11 frost giants
  An orc warlord (Orc:2)
  18 vault wardens
  6 ghost moths
  Aizul (Shoals:1)
  3 iron dragons
  15 emperor scorpions
  3 balrugs
  A cacodemon (Abyss:3)
  A draconian shifter (Depths:5)
  4 ghouls
  A draconian annihilator (Depths:5)
  A curse skull (Crypt:1)
  4 deep elf elementalists
  2 reapers (Hell)
  5 war gargoyles
  20 very ugly things
  15 ironheart preservers
  14 stone giants
  4 spriggan defenders
  2 green draconians (Depths:5)
  5 entropy weavers
  28 starcursed masses
  7 vampire knights
  5 deep elf demonologists (Elf:3)
  8 deep elf annihilators
  2 yellow draconians (Depths:5)
  18 spark wasps
  Snorg (Orc:2)
  A purple draconian (Abyss:4)
  13 ettins
  12 deep elf death magi
  3 merfolk javelineers
  2 eidola
  3 mummy priests (Tomb:1)
  2 blizzard demons (Abyss:1)
  6 merfolk impalers
  9 fire dragons
  9 jiangshi
  3 deep elf high priests
  3 crystal guardians (Crypt:3)
  11 ogre magi
  12 rakshasas
  9 ice dragons
  13 yaktaur captains
  41 vault guards
  9 great orbs of eyes
  A naga warrior (Abyss:2)
  9 hydras
  2 quicksilver dragon skeletons (Crypt:3)
  8 centaur warriors
  A catoblepas (Lair:3)
  Erica (D:11)
  2 spriggan air magi
  7 satyrs
  An alligator snapping turtle (Shoals:4)
  A death knight (Vaults:5)
  4 merfolk aquamancers
  5 merfolk avatars
  6 deep troll earth magi
  28 dancing weapons
  2 death yaks
  7 tengu warriors
  9 vampire magi
  3 hell hogs (Hell)
  45 two-headed ogres
  15 deep troll shamans
  4 orc high priests (Orc:2)
  9 spriggan berserkers
  Sonja (Orc:2)
  A titan zombie (Crypt:3)
  Nergalle (D:11)
  21 thrashing horrors
  6 soul eaters
  32 hell knights
  3 sun demons
  6 wretched stars
  A golden dragon zombie (Crypt:3)
  18 deep elf knights
  2 iron golems (Hell)
  A titan skeleton (Crypt:1)
  7 iron trolls
  3 unseen horrors
  2 salamander mystics (Depths:4)
  4 sixfirhies
  7 flayed ghosts
  A fire crab (shapeshifter) (Elf:3)
  2 shadow wraiths
  52 deep trolls
  39 skeletal warriors
  A shadow demon (Abyss:4)
  11 sea snakes
  3 wizards
  8 glowing orange brains
  23 harpies
  19 deep elf archers
  9 phantasmal warriors
  A swamp dragon (shapeshifter) (Depths:1)
  14 ironbrand convokers
  2 wolf spider zombies
  An anaconda skeleton (Crypt:3)
  67 deep elf magi
  25 orb spiders
  8 orc sorcerers
  A stone giant zombie (Crypt:3)
  56 wolf spiders
  19 fauns
  13 orc knights
  10 salamanders (Depths:4)
  2 frost giant zombies
  A tengu skeleton (D:15)
  28 ugly things
  4 worldbinders
  17 necromancers
  An iron dragon skeleton (Tomb:1)
  12 manticores
  12 cyclopes
  2 manticores (shapeshifter)
  12 merfolk sirens
  3 centaur zombies
  A moth of wrath (Spider:1)
  A dire elephant zombie (Abyss:2)
  4 spriggan zombies
  A guardian serpent (shapeshifter) (Vaults:4)
  5 black mambas
  A frost giant skeleton (Abyss:3)
  2 apocalypse crabs
  A guardian serpent (Abyss:2)
  11 vault sentinels
  5 rust devils
  11 smoke demons
  2 eyes of devastation
  2 black mambas (shapeshifter)
  A catoblepas zombie (Crypt:1)
  5 water nymphs
  Psyche (D:9)
  A torpor snail (Spider:2)
  2 gargoyles
  A storm dragon simulacrum (Abyss:3)
  A centaur skeleton (D:15)
  2 efreet
  5 orange demons
  28 spiny frogs
  15 freezing wraiths
  6 rime drakes
  A rime drake (shapeshifter) (Abyss:4)
  2 hellions
  A dire elephant skeleton (Tomb:1)
  10 komodo dragons
  50 yaktaurs
  8 kobold demonologists
  2 tormentors
  A pale draconian skeleton (Crypt:1)
  A ghost moth simulacrum (Crypt:2)
  32 demonic crawlers
  29 merfolk
  7 hellwings
  2 harpy zombies
  2 ice devils
  5 guardian mummies
  2 hydra zombies (Crypt:3)
  9 ancient zymes
  A catoblepas skeleton (Abyss:2)
  3 red devils
  2 tengu conjurers (Depths:1)
  8 trolls
  49 jumping spiders
  3 meliai (Spider:3)
  A silent spectre (Abyss:3)
  4 polar bears (Lair:5)
  A jumping spider (shapeshifter) (Vaults:2)
  4 tyrant leeches (Lair:6)
  An iron troll skeleton (Crypt:2)
  27 hornets
  21 slime creatures
  27 raiju
  A blink frog (shapeshifter) (Vaults:2)
  2 ettin zombies
  A hornet (shapeshifter) (Depths:1)
  9 wind drakes
  10 hippogriffs
  A fire giant simulacrum (Crypt:1)
  A hydra skeleton (Crypt:2)
  2 fire dragon zombies
  A raiju (shapeshifter) (Depths:3)
  A frost giant simulacrum (Crypt:1)
  33 blink frogs
  A centaur simulacrum (D:12)
  2 ice dragon skeletons
  2 meliai zombies
  8 dream sheep
  6 vampires
  A guardian serpent skeleton (Crypt:2)
  A human simulacrum (Vaults:3)
  8 snapping turtles
  14 water elementals
  5 air elementals
  9 spriggans
  5 ynoxinuls
  4 fire elementals
  6 wraiths
  A shadow (Crypt:2)
  26 large abominations
  33 flying skulls
  3 wyverns
  Sigmund (D:4)
  109 redbacks
  3 ushabtiu (Tomb:1)
  A tyrant leech zombie (Crypt:2)
  A human (shapeshifter) (Vaults:4)
  An alligator skeleton (Abyss:1)
  38 tarantellas
  2 basilisks (shapeshifter)
  2 fire bats (Depths:4)
  A golden eye (shapeshifter) (Vaults:1)
  8 chaos spawn
  19 yaks
  10 vampire mosquitoes
  2 basilisks
  7 neqoxecs
  Menkaure (D:6)
  A steam dragon (D:7)
  2 spatial vortices (Abyss:3)
  25 small abominations
  2 hungry ghosts
  A torturous demonspawn zombie (Crypt:1)
  2 two-headed ogre zombies (WizLab)
  5 insubstantial wisps (Abyss:4)
  10 wargs
  A spiny frog zombie (Hell)
  A hydra simulacrum (Hell)
  A soldier ant (shapeshifter) (Depths:3)
  2 acid dragons
  A naga (Abyss:2)
  18 water moccasins
  A torturous demonspawn skeleton (Crypt:1)
  A floating eye (Depths:3)
  10 hell hounds
  6 porcupines
  47 orc warriors
  3 sky beasts
  A water nymph skeleton (Crypt:2)
  A snapping turtle zombie (Crypt:2)
  A spiny frog skeleton (Hell)
  4 eyes of draining
  2 ice beasts (D:7)
  3 phantoms
  4 necrophages
  An ice dragon simulacrum (Crypt:1)
  33 ogres
  10 wolves
  11 centaurs
  10 crocodiles
  3 big kobolds
  A rime drake skeleton (Crypt:1)
  31 bullfrogs
  2 earth elementals
  A wyvern zombie (D:11)
  A komodo dragon skeleton (Crypt:1)
  2 wyvern skeletons
  7 scorpions
  A shapeshifter zombie (Crypt:2)
  A water moccasin skeleton (D:7)
  7 troll zombies
  17 killer bees
  7 howler monkeys
  20 wights
  An electric eel (Lair:6)
  A bullfrog zombie (D:13)
  9 crimson imps
  3 quasits
  7 hounds
  39 orc priests
  2 bullfrog skeletons
  A demonspawn zombie (Crypt:2)
  4 jellies
  6 iron imps
  8 iguanas
  26 orc wizards
  13 worker ants
  A naga zombie (Crypt:1)
  11 ogre zombies
  2 dwarf zombies
  A crocodile skeleton (Crypt:2)
  A hound zombie (D:6)
  10 mummies (Tomb:1)
  A howler monkey zombie (D:7)
  A worker ant zombie (D:7)
  13 adders
  7 gnolls
  A howler monkey skeleton (D:7)
  3 shadow imps
  8 white imps
  4 ufetubi
  2 oozes
  4 adder skeletons
  2 dart slugs
  6 worms
  5 leopard geckos
  129 orcs
  A ball python (D:2)
  7 bats
  8 giant cockroaches
  6 goblins
  7 hobgoblins
  13 jackals
  18 kobolds
  6 quokkas
  5 frilled lizards
  4 goblin skeletons (D:11)
  2 goblin zombies (D:11)
  2 hobgoblin skeletons (D:11)
  A hobgoblin zombie (D:11)
  2 leopard gecko skeletons
  An orc skeleton (D:11)
  15 orc zombies (D:11)
  A quokka zombie (D:4)
  8 rats
  4 crawling corpses (Elf:3)
  3 lurking horrors
  7 starspawn tentacles
2858 creatures vanquished.

Vanquished Creatures (collateral kills)
  4 ancient liches
  A juggernaut (Depths:3)
  Bai Suzhen (Crypt:2)
  Margery (Vaults:4)
  Jorgrun (D:12)
  Asterion (Vaults:2)
  2 deep elf master archers (Elf:3)
  A quicksilver dragon (Depths:3)
  2 titans (Vaults:5)
  2 deep elf blademasters (Elf:3)
  3 sphinxes
  Polyphemus (Shoals:2)
  2 shadow dragons
  Ilsuiw (Shoals:2)
  A storm dragon (Elf:1)
  3 deep elf sorcerers
  An ironheart preserver (Vaults:5)
  A deep elf demonologist (Elf:3)
  A deep elf annihilator (Elf:3)
  3 deep elf death magi (Elf:3)
  An ettin (Vaults:5)
  A fire dragon (Depths:2)
  2 merfolk impalers (Shoals:2)
  A great orb of eyes (Depths:3)
  A yaktaur captain (Vaults:5)
  2 spriggan air magi
  An ice dragon (Depths:2)
  A merfolk avatar (Shoals:4)
  A catoblepas (Shoals:2)
  A death yak (Shoals:2)
  A deep elf knight (Elf:1)
  A sixfirhy (Elf:1)
  A hell knight (Vaults:4)
  A skeletal warrior (Tomb:1)
  A deep troll (Vaults:5)
  A large abomination (Elf:3)
  A necromancer (Vaults:4)
  2 deep elf archers (Elf:1)
  4 deep elf magi (Elf:1)
  2 fauns (Shoals:4)
  2 merfolk sirens (Shoals:2)
  2 guardian mummies (Tomb:1)
  A merfolk (Shoals:4)
  3 raiju (Elf:1)
  A hippogriff (D:12)
  An air elemental (Elf:3)
  A hungry ghost (D:12)
  An ogre (Vaults:5)
72 creatures vanquished.

Vanquished Creatures (others)
  A storm dragon (Vaults:5)
  A deep elf sorcerer (Vaults:2)
  A thrashing horror (Abyss:2)
  2 deep elf knights (Elf:1)
  A wretched star (Abyss:3)
  A large abomination (Abyss:4)
  A deep elf mage (Elf:1)
  A raiju (Abyss:4)
  A chaos spawn (Abyss:4)
  A naga (Abyss:2)
  An eye of draining (Abyss:4)
  A centaur (Vaults:1)
  6 small abominations
  A starcursed mass (Abyss:1)
  A white imp (Abyss:3)
  An ufetubus (Abyss:3)
  An orc (Vaults:1)
  2 bushes (Depths:1)
  A butterfly (Lair:5)
  8 fungi
  A lurking horror (Abyss:1)
  54 plants
  14 starspawn tentacles
  4 tentacles (Hell)
107 creatures vanquished.

Grand Total: 3037 creatures vanquished

Notes
Turn   | Place    | Note
-------+----------+-------------------------------------------
     0 | D:1      | Htamos the Halfling Hunter began the quest for the Orb.
     0 | D:1      | Reached XP level 1. HP: 14/14 MP: 1/1
   149 | D:1      | Reached XP level 2. HP: 19/19 MP: 2/2
   162 | D:1      | Reached skill level 6 in Slings
   435 | D:1      | Reached XP level 3. HP: 23/24 MP: 3/3
  1197 | D:2      | Reached XP level 4. HP: 27/29 MP: 4/4
  1205 | D:2      | Found a bloodstained altar of Trog.
  1245 | D:2      | Became a worshipper of Trog the Wrathful
  1357 | D:3      | Found a white marble altar of Elyvilon.
  1606 | D:3      | Reached skill level 7 in Slings
  1606 | D:3      | Reached XP level 5. HP: 30/35 MP: 5/5
  1736 | D:3      | Reached * piety under Trog
  2038 | D:3      | Reached skill level 1 in Short Blades
  2140 | D:4      | Found a staircase to the Ecumenical Temple.
  2193 | D:4      | Got a polished whip
  2194 | D:4      | Identified the +9 whip of Subterfuge {holy, *Rage rElec
                  | Int+2 Dex+3} (You found it on level 4 of the Dungeon)
  2265 | D:4      | Reached XP level 6. HP: 41/41 MP: 6/6
  2524 | D:4      | Noticed Sigmund
  2534 | D:4      | Killed Sigmund
  2534 | D:4      | Reached skill level 8 in Slings
  2534 | D:4      | Reached XP level 7. HP: 46/46 MP: 7/7
  2920 | D:4      | Found a glowing golden altar of the Shining One.
  3054 | D:4      | Reached ** piety under Trog
  3223 | D:4      | Reached skill level 9 in Slings
  3325 | D:5      | Entered Level 5 of the Dungeon
  3378 | D:5      | Found an ancient bone altar of Kikubaaqudgha.
  3378 | D:5      | Found a stormy altar of Qazlal.
  3387 | D:5      | Reached XP level 8. HP: 53/53 MP: 8/8
  3909 | D:6      | Noticed Menkaure
  3922 | D:6      | Killed Menkaure
  4118 | D:6      | Reached skill level 10 in Slings
  4118 | D:6      | Reached skill level 5 in Dodging
  4118 | D:6      | Reached skill level 5 in Stealth
  4442 | D:6      | Reached XP level 9. HP: 58/58 MP: 9/9
  4538 | D:7      | Htamos: ??chain mail
  4538 | D:7      | beem: chain mail[1/2]: 8AC, 15ER.
  4656 | D:7      | Reached skill level 11 in Slings
  4755 | D:7      | Gained mutation: You are agile. (Dex +2) [potion of
                  | mutation]
  4755 | D:7      | Gained mutation: You are resistant to hostile enchantments.
                  | (MR+) [potion of mutation]
  4774 | D:7      | Reached skill level 5 in Short Blades
  5530 | D:7      | Reached skill level 5 in Fighting
  5719 | D:7      | Reached *** piety under Trog
  5719 | D:7      | Reached skill level 12 in Slings
  5833 | D:7      | Reached XP level 10. HP: 66/66 MP: 10/10
  6578 | D:8      | Noticed a two-headed ogre
  6672 | D:8      | Htamos: ??giant club
  6672 | D:8      | beem: giant club[1/2]: (maces & flails; -6 acc / 20 dam /
                  | 1.6 base delay / 0.7 min delay; two handed). A giant lump
                  | of wood. The only playable races that can wield giant clubs
                  | are Ogres and Trolls.
  6825 | D:7      | Killed a two-headed ogre
  6886 | D:8      | Reached skill level 13 in Slings
  6940 | D:8      | Noticed a two-headed ogre
  7155 | D:8      | Killed a two-headed ogre
  7293 | D:8      | Reached **** piety under Trog
  7588 | D:9      | Received a gift from Trog
  7845 | D:9      | Found a sacrificial altar of Ru.
  7872 | D:9      | Reached XP level 11. HP: 72/72 MP: 11/11
  7944 | D:9      | Noticed Psyche
  7953 | D:9      | Paralysed by Psyche for 4 turns
  7962 | D:9      | Killed Psyche
  8307 | D:10     | Entered Level 10 of the Dungeon
  8310 | D:10     | Found a runed translucent door.
  8365 | D:10     | Found a runed translucent door.
  8591 | D:10     | Reached skill level 14 in Slings
  8731 | D:10     | Received a gift from Trog
  8740 | D:10     | Found a staircase to the Lair.
  9010 | D:10     | Found a runed translucent door.
  9025 | D:10     | Found a runed translucent door.
  9205 | D:11     | Noticed a manticore
  9212 | D:11     | Noticed Erica
  9214 | D:11     | Killed a manticore
  9228 | D:11     | Killed Erica
  9418 | D:11     | Got an ancient cloak
  9458 | D:11     | Found a staircase to the Orcish Mines.
  9485 | D:11     | Received a gift from Trog
  9635 | D:11     | Reached ***** piety under Trog
  9820 | D:11     | Noticed Urug
  9821 | D:11     | Noticed Urug
  9821 | D:11     | Urug changed into Urug the eye of devastation
  9831 | D:11     | Killed Urug the eye of devastation
  9831 | D:11     | Reached skill level 15 in Slings
 10010 | D:11     | Noticed a two-headed ogre
 10026 | D:11     | Killed a two-headed ogre
 10192 | D:11     | Found Xomuth's General Store.
 10205 | D:11     | Reached XP level 12. HP: 81/81 MP: 12/12
 10230 | D:11     | Received a gift from Trog
 10242 | D:11     | Noticed a soul eater
 10369 | D:11     | Noticed Nergalle
 10381 | D:11     | Killed Nergalle
 10386 | D:11     | Identified the cursed +0 cloak of the Nightingale {Str+9
                  | Int+7 Stlth-} (You found it on level 11 of the Dungeon)
 10898 | D:12     | Reached skill level 16 in Slings
 11140 | D:12     | Noticed Jorgrun
 11150 | D:12     | Killed Jorgrun
 11177 | D:12     | Got a slimy plate armour
 11180 | D:12     | Identified the +2 plate armour "Pyhueh" {rC+} (You found it
                  | on level 12 of the Dungeon)
 11451 | D:13     | Found a gate to the Vaults.
 11451 | D:13     | Noticed a two-headed ogre
 11451 | D:13     | Noticed a vault guard
 11451 | D:13     | Noticed a vault guard
 11451 | D:13     | Noticed a vault guard
 11477 | D:12     | Killed a vault guard
 11538 | D:13     | Reached skill level 10 in Stealth
 11612 | D:13     | Killed a two-headed ogre
 11661 | D:13     | Noticed a seven-headed hydra
 11667 | D:13     | Killed a seven-headed hydra
 11667 | D:13     | Reached XP level 13. HP: 88/88 MP: 13/13
 11705 | D:13     | Noticed a vault guard
 11722 | D:13     | Killed a vault guard
 11732 | D:13     | Killed a vault guard
 11732 | D:13     | Reached skill level 10 in Short Blades
 11732 | D:13     | Reached skill level 17 in Slings
 11955 | D:13     | Noticed a centaur warrior
 11968 | D:13     | Killed a centaur warrior
 11968 | D:13     | Reached skill level 10 in Dodging
 12282 | D:13     | Received a gift from Trog
 12849 | D:13     | Found a portal to a secret trove of treasure.
 12885 | D:13     | Killed a vault guard
 12885 | D:13     | Reached skill level 18 in Slings
 12940 | D:13     | Found Mavvuk's Assorted Antiques.
 12943 | D:13     | Bought a scroll labeled LOOBEO AGOCWOSIE for 32 gold pieces
 12943 | D:13     | Bought a scroll labeled LOOBEO AGOCWOSIE for 32 gold pieces
 13091 | D:14     | Got a scintillating amber ring
 13092 | D:14     | Identified the ring of Reimbursement {rPois Dex+3} (You
                  | found it on level 14 of the Dungeon)
 13108 | D:14     | Found a shattered altar of Ashenzari.
 13164 | D:14     | Received a gift from Trog
 13573 | D:15     | Entered Level 15 of the Dungeon
 13844 | D:15     | Reached XP level 14. HP: 97/97 MP: 8/14
 13993 | D:15     | Found a staircase to the Depths.
 14621 | D:15     | Reached skill level 19 in Slings
 15003 | Orc:1    | Entered Level 1 of the Orcish Mines
 15384 | Orc:2    | Entered Level 2 of the Orcish Mines
 15402 | Orc:2    | Noticed Sonja
 15603 | Orc:2    | Found a roughly hewn altar of Beogh.
 15832 | Orc:2    | Found Kusch's Antique Armour Emporium.
 15858 | Orc:2    | Bought a jet-encrusted scale mail for 198 gold pieces
 15858 | Orc:2    | Identified the +0 scale mail of the Vaults {Dex+6} (You
                  | bought it in a shop on level 2 of the Orcish Mines)
 15871 | Orc:2    | Bought a faintly glowing chain mail for 209 gold pieces
 15872 | Orc:2    | Identified the cursed +0 chain mail "Wuahe" {+Blink} (You
                  | bought it in a shop on level 2 of the Orcish Mines)
 15875 | Orc:2    | Bought a steaming cloak for 209 gold pieces
 15876 | Orc:2    | Identified the +0 cloak of the Comet {rPois Dex+4} (You
                  | bought it in a shop on level 2 of the Orcish Mines)
 15883 | Orc:2    | Found Eduwiz's Weapon Shoppe.
 15911 | Orc:2    | Bought 14 sling bullets for 105 gold pieces
 16146 | Orc:2    | Received a gift from Trog
 16154 | Orc:2    | Got an ichor-stained hunting sling {god gift}
 16155 | Orc:2    | Identified the +8 hunting sling "Ypradas" {speed, Int+2}
                  | (Trog gifted it to you on level 2 of the Orcish Mines)
 16424 | Orc:2    | Found a staircase to the Elven Halls.
 16587 | Orc:2    | Noticed Snorg
 16603 | Orc:2    | Killed Snorg
 16603 | Orc:2    | Reached skill level 10 in Fighting
 16615 | Orc:2    | Noticed an orc warlord
 16638 | Orc:2    | Killed an orc warlord
 16638 | Orc:2    | Reached XP level 15. HP: 103/103 MP: 15/15
 16651 | Orc:2    | Reached skill level 20 in Slings
 16693 | Orc:2    | Found a roughly hewn altar of Beogh.
 16799 | Orc:2    | Found One Biu's Weapon Shop.
 16883 | Orc:2    | Found Bowoyret's Food Shoppe.
 16950 | Orc:2    | Received a gift from Trog
 17135 | Orc:2    | Noticed Donald
 17153 | Orc:2    | Killed Donald
 17359 | Orc:2    | Reached ****** piety under Trog
 17392 | Orc:2    | Killed Sonja
 17396 | Orc:2    | Reached skill level 1 in Armour
 17760 | Orc:2    | Reached skill level 1 in Shields
 18079 | Lair:1   | Entered Level 1 of the Lair of Beasts
 19128 | Lair:2   | Got a heavily runed scale mail
 19173 | Lair:2   | Identified the +3 scale mail "Xamir" {rCorr Str+4 Int+4}
                  | (You found it on level 2 of the Lair of Beasts)
 19292 | Lair:2   | Found a hole to the Spider Nest.
 19997 | Lair:3   | Reached skill level 21 in Slings
 20051 | Lair:3   | Noticed Gastronok
 20070 | Lair:3   | Killed Gastronok
 20259 | Lair:3   | Received a gift from Trog
 20626 | Lair:4   | You fall into a shaft and drop 2 floors!
 20626 | Lair:6   | Entered Level 6 of the Lair of Beasts
 21069 | Lair:6   | Reached XP level 16. HP: 67/110 MP: 16/16
 21172 | Lair:6   | Reached skill level 22 in Slings
 21229 | Lair:6   | Got a pitted amethyst amulet
 21963 | Lair:6   | Received a gift from Trog
 21974 | Lair:6   | Identified the amulet "Hucann" {Faith rElec Str+2 Stlth+}
                  | (You found it on level 6 of the Lair of Beasts)
 22681 | Lair:5   | Reached skill level 23 in Slings
 22843 | Lair:5   | Found a staircase to the Slime Pits.
 23312 | Lair:5   | Found a transporter.
 23314 | Lair:5   | Found a transporter.
 23549 | Lair:5   | Noticed gentoosiast's ghost (journeyman FoFi)
 23557 | Lair:5   | Identified the +7 trident "Funwaaf" {elec, Str+4}
 23558 | Lair:5   | Identified the +7 trident "Darphes" {vamp, rC+ MR+ Dex+4}
 23567 | Lair:5   | Found a bloodstained altar of Trog.
 23759 | Lair:4   | Received a gift from Trog
 23962 | Lair:4   | Found a staircase to the Shoals.
 24260 | Lair:4   | Reached skill level 24 in Slings
 24502 | Spider:1 | Entered Level 1 of the Spider Nest
 24980 | Elf:1    | Entered Level 1 of the Elven Halls
 25371 | Elf:1    | Noticed a storm dragon
 25372 | Elf:1    | Found the +8 arc blade {discharge, rElec}
 25405 | Elf:1    | Killed a storm dragon
 25615 | Elf:1    | You fall into a shaft and drop 1 floor!
 25621 | Elf:2    | Found a runed translucent gate.
 25621 | Elf:2    | Found a runed translucent gate.
 25621 | Elf:2    | Found a runed translucent gate.
 25632 | Elf:2    | Received a gift from Trog
 25637 | Elf:2    | Reached XP level 17. HP: 101/116 MP: 6/17
 25849 | Elf:1    | Reached skill level 25 in Slings
 25883 | Elf:1    | Received a gift from Trog
 25961 | Elf:1    | Received a gift from Trog
 26715 | Elf:1    | Found Ygimuc's General Store.
 26722 | Elf:1    | Bought the +1 troll leather armour of the Barber Surgeon
                  | {+Fly Regen+ rCorr Str-3 Dex+8} for 723 gold pieces
 26936 | Elf:1    | Reached skill level 26 in Slings
 27883 | Elf:2    | Received a gift from Trog
 28096 | Elf:2    | Reached skill level 27 in Slings
 28246 | Elf:2    | Reached XP level 18. HP: 124/124 MP: 18/18
 28446 | Elf:2    | Received a gift from Trog
 28547 | Elf:2    | Received a gift from Trog
 28782 | Elf:3    | Entered Level 3 of the Elven Halls
 28937 | Elf:3    | Received a gift from Trog
 29100 | Elf:3    | Received a gift from Trog
 29525 | Elf:3    | Received a gift from Trog
 30065 | Elf:3    | Noticed a deep elf blademaster
 30080 | Elf:3    | Killed a deep elf blademaster
 30222 | Elf:3    | Noticed a Hell Sentinel
 30260 | Elf:3    | Noticed a deep elf blademaster
 30277 | Elf:3    | Killed a deep elf blademaster
 30754 | Elf:3    | Identified the +5 falchion of Execution {vamp, rPois}
 30754 | Elf:3    | Identified the ring "Zaityomp" {rF++ MP-9 EV+2 Dex+6}
 30775 | Elf:3    | Received a gift from Trog
 30831 | Elf:3    | Identified the +5 scale mail of Instinct {rF+ rC+}
 30831 | Elf:3    | Noticed a deep elf master archer
 30881 | Elf:3    | Noticed a deep elf master archer
 30894 | Elf:3    | Killed a deep elf master archer
 31012 | Elf:3    | Reached XP level 19. HP: 115/137 MP: 10/19
 31081 | Elf:3    | Identified the ring "Mughoz Bonu" {rElec rC+ Str+5 Int-5
                  | Dex+3}
 31369 | Elf:3    | Received a gift from Trog
 31512 | Elf:3    | Reached skill level 15 in Fighting
 31561 | Elf:3    | Got a crystal fustibalus
 31564 | Elf:3    | Identified the +5 fustibalus of Starshine {venom, Int+4}
                  | (You found it on level 3 of the Elven Halls)
 31577 | Elf:3    | Got an iridescent shortbow
 32650 | Spider:1 | Received a gift from Trog
 33152 | Spider:1 | Received a gift from Trog
 33158 | Spider:1 | Got a transparent hunting sling {god gift}
 33159 | Spider:1 | Identified the +7 hunting sling of Fobyila {velocity,
                  | Dex+3} (Trog gifted it to you on level 1 of the Spider
                  | Nest)
 34218 | Spider:2 | Noticed Agnes
 34233 | Spider:2 | Killed Agnes
 34925 | Spider:2 | Received a gift from Trog
 35146 | Spider:2 | Found the +4 robe of Augmentation {Str+4 Int+4 Dex+4}
 35405 | Spider:2 | Reached XP level 20. HP: 151/151 MP: 11/20
 35788 | Spider:2 | Received a gift from Trog
 36288 | Spider:3 | Received a gift from Trog
 36850 | Spider:3 | Received a gift from Trog
 37995 | Spider:4 | Entered Level 4 of the Spider Nest
 38616 | Spider:4 | Received a gift from Trog
 38952 | Spider:4 | Received a gift from Trog
 39882 | Spider:4 | Reached XP level 21. HP: 162/162 MP: 12/21
 40428 | Spider:4 | Got a gossamer rune of Zot
 40624 | Shoals:1 | Entered Level 1 of the Shoals
 40655 | Shoals:1 | Found Zimubeb's Jewellery Emporium.
 40783 | Shoals:1 | Noticed Aizul
 40806 | Shoals:1 | Killed Aizul
 41280 | Shoals:1 | Received a gift from Trog
 42337 | Shoals:2 | Noticed Polyphemus
 42359 | Shoals:2 | Noticed Ilsuiw
 42523 | Shoals:2 | Received a gift from Trog
 42921 | Shoals:2 | Killed Ilsuiw
 42936 | Shoals:2 | Killed Polyphemus
 43487 | Shoals:3 | Received a gift from Trog
 44106 | Shoals:3 | Reached skill level 5 in Armour
 44106 | Shoals:3 | Reached skill level 5 in Shields
 44267 | Shoals:4 | Entered Level 4 of the Shoals
 44785 | Shoals:4 | Received a gift from Trog
 44804 | Shoals:4 | Received a gift from Trog
 45186 | Shoals:4 | Reached XP level 22. HP: 171/171 MP: 13/22
 46094 | Shoals:4 | Got a barnacled rune of Zot
 46452 | Depths:1 | Entered Level 1 of the Depths
 46636 | Depths:1 | Received a gift from Trog
 47082 | Depths:1 | Found a gateway to Hell.
 47819 | Depths:1 | Found Jaqaih's Jewellery Emporium.
 47820 | Depths:1 | Found Elumy's Gadget Shop.
 47821 | Depths:1 | Found Gifotee Tice's Jewellery Emporium.
 47835 | Depths:1 | Bought the ring of the Everdark {rC++ rN+ Str-4 Dex+4} for
                  | 623 gold pieces
 47873 | Depths:1 | Found a runed translucent gate.
 47874 | Depths:1 | Found a runed translucent gate.
 47875 | Depths:1 | Found a runed translucent gate.
 47878 | Depths:1 | Found the +2 Maxwell's thermic engine {flame, freeze}
 47879 | Depths:1 | Found a runed translucent gate.
 47879 | Depths:1 | Found a runed translucent gate.
 47879 | Depths:1 | Found a runed translucent gate.
 48164 | Depths:2 | Received a gift from Trog
 48828 | Depths:2 | Got a pair of ancient gloves
 48829 | Depths:2 | Identified the +0 pair of gloves of a Gauntlet {rC++} (You
                  | found it on level 2 of the Depths)
 49455 | Depths:2 | Reached XP level 23. HP: 178/178 MP: 14/23
 49527 | Depths:2 | Received a gift from Trog
 50208 | Depths:3 | Received a gift from Trog
 50435 | Depths:3 | Noticed a golden dragon
 50471 | Depths:3 | Killed a golden dragon
 50503 | Depths:3 | Reached skill level 10 in Armour
 50503 | Depths:3 | Reached skill level 10 in Shields
 50613 | Depths:3 | Received a gift from Trog
 50678 | Depths:3 | Reached skill level 15 in Dodging
 50742 | Depths:3 | Noticed a caustic shrike
 50769 | Depths:3 | Killed a caustic shrike
 50907 | Depths:3 | Noticed a juggernaut
 50917 | Depths:3 | Killed a juggernaut
 51359 | Depths:3 | Paralysed by a sphinx for 4 turns
 52006 | Depths:3 | Found a gateway to a ziggurat.
 52018 | Depths:3 | Received a gift from Trog
 52018 | Depths:3 | Reached XP level 24. HP: 187/187 MP: 14/23
 52081 | Depths:3 | Found a one-way gate leading to the halls of Pandemonium.
 52314 | Depths:3 | Found the +8 Wrath of Trog {antimagic, *Rage}
 52484 | Depths:3 | Received a gift from Trog
 52793 | Depths:4 | Received a gift from Trog
 52977 | Depths:4 | Found a one-way gate to the infinite horrors of the Abyss.
 53103 | Depths:4 | Received a gift from Trog
 53263 | Depths:4 | Found a runed translucent door.
 53294 | Depths:4 | Got a crude ring mail
 53295 | Depths:4 | Identified the +2 ring mail of Mumpuer {rElec MR+ Str+4
                  | Int+3 SInv} (You found it on level 4 of the Depths)
 53729 | Depths:4 | Found a runed translucent door.
 53740 | Depths:4 | Found a runed translucent door.
 53741 | Depths:4 | Noticed a golden dragon
 53773 | Depths:4 | Killed a golden dragon
 53814 | Depths:4 | Noticed a juggernaut
 53814 | Depths:4 | Noticed a juggernaut
 53858 | Depths:4 | Killed a juggernaut
 53862 | Depths:4 | Killed a juggernaut
 54027 | Depths:4 | Identified Afamudef's Grimoire of Doomed Poison
 54276 | Depths:5 | Entered Level 5 of the Depths
 54289 | Depths:5 | Received a gift from Trog
 54579 | Depths:5 | Reached XP level 25. HP: 181/193 MP: 14/23
 54847 | Depths:5 | Found a gate to the Realm of Zot.
 55284 | Depths:5 | Noticed a juggernaut
 55488 | Depths:5 | Received a gift from Trog
 55489 | Depths:5 | Found the +3 sling "Punk" {acid, rCorr}
 55766 | Depths:5 | Killed a juggernaut
 56781 | Vaults:1 | Entered Level 1 of the Vaults
 56867 | Vaults:1 | Received a gift from Trog
 57679 | Vaults:1 | Noticed Saint Roka
 57698 | Vaults:1 | Received a gift from Trog
 57723 | Vaults:1 | Killed Saint Roka
 57747 | Vaults:1 | Reached XP level 26. HP: 87/201 MP: 23/23
 58053 | Vaults:1 | Received a gift from Trog
 58605 | Vaults:1 | Got an ancient rapier
 58606 | Vaults:1 | Identified the cursed +1 rapier of Profit {flame, rElec
                  | rC+} (You found it on level 1 of the Vaults)
 58897 | Vaults:2 | Noticed Nikola
 58943 | Vaults:2 | Killed Nikola
 59048 | Vaults:2 | Identified a scroll of acquirement
 59049 | Vaults:2 | Got a bloodstained buckler
 59061 | Vaults:2 | Identified the +1 buckler of the Sturgeon {rC+} (You
                  | acquired it on level 2 of the Vaults)
 59699 | Vaults:2 | Received a gift from Trog
 59720 | Vaults:2 | Found Zuothreb's Food Shoppe.
 59741 | Vaults:2 | Bought a ration for 65 gold pieces
 59741 | Vaults:2 | Bought a ration for 65 gold pieces
 59741 | Vaults:2 | Bought a ration for 65 gold pieces
 59741 | Vaults:2 | Bought a ration for 65 gold pieces
 59741 | Vaults:2 | Bought a ration for 65 gold pieces
 59741 | Vaults:2 | Bought a ration for 65 gold pieces
 59741 | Vaults:2 | Bought a ration for 65 gold pieces
 59741 | Vaults:2 | Bought a ration for 65 gold pieces
 59741 | Vaults:2 | Bought a ration for 65 gold pieces
 59741 | Vaults:2 | Bought a ration for 65 gold pieces
 59741 | Vaults:2 | Bought a ration for 65 gold pieces
 59741 | Vaults:2 | Bought a ration for 65 gold pieces
 59741 | Vaults:2 | Bought a ration for 65 gold pieces
 60058 | Vaults:2 | Found a basalt altar of Yredelemnul.
 60065 | Vaults:2 | Found a staircase to the Crypt.
 60066 | Vaults:2 | Found an ancient bone altar of Kikubaaqudgha.
 60619 | Vaults:2 | Reached skill level 15 in Shields
 60656 | Vaults:2 | Reached skill level 15 in Armour
 60726 | Vaults:2 | Received a gift from Trog
 60732 | Vaults:2 | Noticed Asterion
 60783 | Vaults:2 | Killed Asterion
 60864 | Vaults:2 | Noticed Sojobo
 60927 | Vaults:2 | Killed Sojobo
 61267 | Vaults:2 | Noticed Rupert
 61287 | Vaults:2 | Killed Rupert
 61750 | Vaults:3 | Received a gift from Trog
 62214 | Vaults:3 | Found Jerghesch's Antique Armour Shop.
 62221 | Vaults:3 | Bought a crude scale mail for 243 gold pieces
 62224 | Vaults:3 | Identified the cursed +0 scale mail of Theory {rPois Dex+5}
                  | (You bought it in a shop on level 3 of the Vaults)
 62448 | Vaults:3 | Received a gift from Trog
 62576 | Vaults:3 | Reached XP level 27. HP: 209/209 MP: 14/23
 62883 | Vaults:3 | Found Ycviw's General Store.
 63152 | Vaults:4 | Got an encrusted dagger
 63153 | Vaults:4 | Identified the +10 dagger of Ancient Evil {freeze, rF- MR++
                  | Str+8 Int+4} (You found it on level 4 of the Vaults)
 63444 | Vaults:4 | Noticed Jory
 63466 | Vaults:4 | Killed Jory
 63554 | Vaults:4 | Received a gift from Trog
 63651 | Vaults:4 | Noticed Margery
 63679 | Vaults:4 | Killed Margery
 64487 | Crypt:1  | Entered Level 1 of the Crypt
 64854 | Crypt:1  | You fall into a shaft and drop 1 floor!
 65020 | Crypt:2  | Received a gift from Trog
 65079 | Crypt:2  | Found a magical portal.
 65085 | Crypt:2  | Noticed Bai Suzhen
 65100 | Crypt:2  | Killed Bai Suzhen
 65662 | WizLab   | Noticed an antique lich
 65668 | WizLab   | Killed an antique lich
 65674 | WizLab   | Found the +9 sword of Zonguldrok {reap}
 65674 | WizLab   | Identified the Almanac of Unreason
 65811 | Crypt:2  | Received a gift from Trog
 65818 | Crypt:2  | Got a pitted hunting sling {god gift}
 65819 | Crypt:2  | Identified the +5 hunting sling "Ycloith" {speed, MR+}
                  | (Trog gifted it to you on level 2 of the Crypt)
 66406 | Crypt:2  | Paralysed by something for 5 turns
 67077 | Crypt:1  | Noticed Mara
 67083 | Crypt:1  | Noticed Htamos's illusion
 67106 | Crypt:1  | Killed Mara
 67444 | Crypt:3  | Entered Level 3 of the Crypt
 67452 | Crypt:3  | Received a gift from Trog
 67568 | Crypt:3  | Received a gift from Trog
 67810 | Crypt:3  | Found a staircase to the Tomb.
 67833 | Crypt:3  | Received a gift from Trog
 68193 | Crypt:3  | Found a basalt altar of Yredelemnul.
 68194 | Crypt:3  | Noticed an ancient lich
 68212 | Crypt:3  | Killed an ancient lich
 68267 | Crypt:3  | Got a bloodstained long sword
 68268 | Crypt:3  | Identified the cursed +1 long sword "Itadoe" {pain, rC+
                  | Stlth+} (You found it on level 3 of the Crypt)
 68318 | Crypt:3  | Paralysed by a vampire knight for 5 turns
 68606 | Crypt:3  | Received a gift from Trog
 69251 | Tomb:1   | Entered Level 1 of the Tomb of the Ancients
 69419 | Tomb:1   | Received a gift from Trog
 69766 | Tomb:1   | Received a gift from Trog
 70163 | Tomb:1   | Noticed a greater mummy
 70231 | Tomb:1   | Htamos: @??greater mummy
 70231 | Tomb:1   | beem: greater mummy (M)
                  | Spd:
    10 | HD: 15   | HP: 162-226
                  | | AC/EV: 10/6
                  | Dam: 35
                  | undead, weapons, items, doors,
                  | evil, spellcaster, see invisible, unbreathing
                  | Res:
                  | magic(160), cold, elec, poison+++, drown, rot+++, neg+++,
                  | torm
                  | Vul: holy
                  | XP: 6163
                  | Sp: smiting (7-17),
                  | s.torment, sum.demon, sum.emperor scorpions / smiting
                  | (7-17), s.torment, sum.demon, sum.undead
 70231 | Tomb:1   | beem: / smiting (7-17), s.torment, sum.emperor scorpions,
                  | sum.scarabs / smiting (7-17), s.torment, sum.mana viper,
                  | sum.undead
                  | Sz: Medium
                  | Int: human.
 70231 | Tomb:1   | Oravi: hi!
 70231 | Tomb:1   | Htamos: :)
 70231 | Tomb:1   | Oravi: try Portal Projectile
 70231 | Tomb:1   | Oravi: after leave this place:)
 70231 | Tomb:1   | Htamos: trog doesn't like that
 70231 | Tomb:1   | Oravi: ups
 70274 | Crypt:3  | Htamos: wasn't the best idea i think
 70639 | Depths:4 | Voluntarily entered the Abyss.
 70677 | Abyss:1  | Htamos: maybe i need to leave trog
 71292 | Abyss:1  | Received a gift from Trog
 71451 | Abyss:1  | Received a gift from Trog
 71611 | Abyss:1  | Received a gift from Trog
 71621 | Abyss:1  | Paralysed by accursed screaming for 2 turns
 71962 | Abyss:1  | Received a gift from Trog
 72095 | Zot:1    | Entered Level 1 of the Realm of Zot
 72314 | Abyss:2  | Received a gift from Trog
 72371 | Abyss:2  | Oravi: i think so too
 72428 | Abyss:2  | Oravi: have yo do vaults:5?
 72428 | Abyss:2  | Htamos: no
 72428 | Abyss:2  | Htamos: never won with more than 3 runes, want to change
                  | that
 72437 | Abyss:2  | Received a gift from Trog
 72687 | Abyss:2  | Received a gift from Trog
 72731 | Abyss:2  | Received a gift from Trog
 72773 | Abyss:2  | Htamos: @??Hell Sentinel
 72773 | Abyss:2  | beem: Hell Sentinel (1)
                  | Spd:
    10 | HD: 19   | HP: 114-168
                  | | AC/EV: 25/3 (spiny 5d4)
                  | Dam: 40, 25
                  | demonic, doors,
                  | evil, see invisible
                  | Res: magic(immune), fire+++,
                  | damnation, cold+++, elec+++, poison+++, rot, neg+++, torm
                  | | Vul: holy
                  | XP: 2901
                  | Sp: hurl damnation (3d20) [!sil],
                  | iron shot (3d33) [!sil]
                  | Sz: Large
                  | Int: human.
 73266 | Abyss:3  | Oravi: abyss much easier whith pack of tele scrolls
 73267 | Abyss:3  | Htamos: i know
 73267 | Abyss:3  | Htamos: 1 left
 73267 | Abyss:3  | Received a gift from Trog
 73422 | Abyss:3  | Received a gift from Trog
 73693 | Abyss:3  | Received a gift from Trog
 73904 | Abyss:4  | Got an abyssal rune of Zot
 74042 | Abyss:4  | Received a gift from Trog
 74616 | Depths:4 | Escaped the Abyss
 74853 | Vaults:4 | Htamos: To what god should i switch? i do plan to play
                  | extended
 74853 | Vaults:4 | Htamos: TSO is good i heard
 74860 | Vaults:5 | Entered Level 5 of the Vaults
 74870 | Vaults:5 | Received a gift from Trog
 74870 | Vaults:5 | Received a gift from Trog
 74888 | Vaults:5 | Oravi: for hu i prefer oka
 74890 | Vaults:5 | Oravi: i dont know why, but i don't like tso:)
 74937 | Vaults:5 | Oravi: maybe because i like lich form.
 74967 | Vaults:5 | Oravi: and oka give you sling bullets
 74967 | Vaults:5 | Htamos: true
 75337 | Vaults:4 | Oravi: why don't wear gold dragonscales?
 75352 | Vaults:4 | Htamos: good question
 75352 | Vaults:4 | Htamos: ac is better
 75834 | Vaults:5 | Received a gift from Trog
 75840 | Vaults:5 | Noticed an ancient lich
 75851 | Vaults:5 | Killed an ancient lich
 75860 | Vaults:5 | Received a gift from Trog
 76037 | Vaults:5 | Identified the +6 falchion of Stickiness {drain, Fragile
                  | rF- rC+++ Stlth+}
 76173 | Vaults:5 | Received a gift from Trog
 76284 | Vaults:5 | Got a silver rune of Zot
 76300 | Vaults:5 | Noticed an ancient lich
 76305 | Vaults:5 | Identified the amulet of the Wary Dances {Reflect rF++ rC+
                  | rN+ Str-2 SH+3}
 76539 | Vaults:5 | Killed an ancient lich
 76591 | Vaults:5 | Received a gift from Trog
 77108 | Vaults:5 | Noticed an ancient lich
 77126 | Vaults:5 | Killed an ancient lich
 77176 | Vaults:5 | Got a shimmering cloak
 77177 | Vaults:5 | Identified the cursed +0 cloak of Somewhere Else {Int+4}
                  | (You found it on level 5 of the Vaults)
 77184 | Vaults:5 | Found the +9 staff of Olgreb {rPois}
 77704 | Vaults:5 | Noticed Frederick
 77706 | Vaults:5 | Htamos: @??frederick
 77706 | Vaults:5 | beem: Frederick (@)
                  | Spd:
    10 | HD: 21   | HP: 139-181
                  | | AC/EV: 10/7
                  | Dam: 27
                  | weapons, items, doors, spellcaster,
                  | see invisible
                  | Res: magic(140)
                  | XP:
  5226 | Sp: mystic | blast (3d25), b.cold (3d30), iron shot (3d36), spellforged
                  | servitor
                  | Sz: Medium
                  | Int: human.
 77712 | Vaults:5 | Killed Frederick
 77738 | Vaults:5 | Cast into level 2 of the Abyss (+0 trident of distortion)
 77782 | Vaults:5 | Escaped the Abyss
 77970 | Vaults:5 | Noticed Mennas
 77991 | Vaults:5 | Killed Mennas
 78076 | Vaults:5 | Oravi: gloves can be archery
 78076 | Vaults:5 | Htamos: right
 78115 | Vaults:5 | Htamos: thx
 78151 | Vaults:4 | Fell from the grace of Trog
 78423 | Temple   | Entered the Ecumenical Temple
 78497 | Temple   | Became a worshipper of Warmaster Okawaru
 79517 | Vaults:4 | Learned a level 5 spell: Borgnjor's Vile Clutch
 79521 | Vaults:4 | Learned a level 3 spell: Regeneration
 79521 | Vaults:4 | Htamos: ??portal projectile
 79521 | Vaults:4 | beem: portal projectile[1/2]: Teleports a fired (wield
                  | launcher) or thrown missile directly to its target, greatly
                  | increasing its accuracy (but not damage). Has many
                  | interesting tactical uses, e.g. hitting the orc priest
                  | hanging out behind the pack. Does not pass (transparent)
                  | walls. It is the rough opposite of apportation, in that it
                  | can also fire whatever wherever whyever.
 81088 | Hell     | Entered the Vestibule of Hell
 81088 | Hell     | Noticed Geryon
 81562 | Depths:1 | Htamos: @??geryon
 81562 | Depths:1 | beem: Geryon (&)
                  | Spd:
    10 | HD: 15   | HP: 241-349
                  | AC/EV:
                  | 15/6
                  | Dam: 35(reach)
                  | demonic, items, doors, fighter,
                  | evil, see invisible, fly
                  | Res: magic(120), drown, rot,
                  | neg+++, torm
                  | Vul: holy
                  | XP: 4438
                  | Sp: sum.hell beast
                  | | Sz: Giant
                  | Int: human.
 81726 | Hell     | Reached skill level 1 in Conjurations
 81761 | Hell     | Killed Geryon
 81775 | Hell     | Reached skill level 1 in Spellcasting
 81789 | Hell     | Reached * piety under Okawaru
 81934 | Hell     | Found a gateway to the Iron City of Dis.
 82054 | Hell     | Noticed Murray
 82083 | Hell     | HP: 11/324 [something (16)]
 82083 | Hell     | HP: 4/324 [ice devil (3)]
 82083 | Hell     | Slain by an ice devil

Levels and vault maps discovered:
D:1:      sevenhm_arrival_forest_fort_small_5, layout_rooms
D:2:      layout_basic, marbit_many_paths, hex_tiny, minmay_unequal
D:3:      layout_basic, first_ration, elyvilon_altar_5
D:4:      layout_gridville, tso_altar, minmay_temple_entry_arrows,
          kennysheep_cross_room, uniq_sigmund
D:5:      layout_rooms, chequers_temple_overflow_statue_of_worship
D:6:      layout_loops_ring, uniq_menkaure
D:7:      layout_layer_cave
D:8:      layout_basic
D:9:      layout_rooms, grunt_pizzeria, nicolae_ru_sacrificial_ziggurat,
          uniq_psyche
D:10:     layout_basic, erik_lair_orcish_takeover, minmay_statue_crystal_thing
D:11:     layout_loops_corners, zombieorc2_lemuel, serial_shops,
          kennysheep_mini_moat, kennysheep_generic_room_6, uniq_urug,
          uniq_erica, uniq_nergalle
D:12:     layout_cave_pools, uniq_jorgrun
D:13:     layout_roguey [special_room_orc], lightli_vaults_fourway_checkpoint,
          enter_trove_2, serial_shops, shop
D:14:     layout_roguey, infiniplex_staircase_spiral_double,
          nrook_mini_backslash, evilmike_ruin_ashenzari
D:15:     gammafunk_depths_entry_grave, layout_irregular_city, minivault_24
Temple:   regret_index_temple_mists
Lair:1:   layout_layer_cave, infiniplex_staircase_pool_2
Lair:2:   layout_hall_layers, nicolae_spider_entry_non_spiders,
          minmay_hedge_maze, grunt_megastairs_4
Lair:3:   layout_concentric_octagons, infiniplex_staircase_pool, uniq_gastronok
Lair:4:   layout_roguey, elwin_shoals_entry_stream, minmay_stone_trees_small
Lair:5:   layout_regular_city, minmay_slime_entry_eyes,
          gammafunk_ghost_wrathful_warriors, chequers_serial_rivers_small_3,
          beast_lair_carwin_7, lemuel_fruit_fields
Lair:6:   minmay_lair_end_frog_pond, layout_cave_pods
Shoals:1: layout_shoals, serial_shops, shop, uniq_aizul
Shoals:2: layout_shoals, uniq_ilsuiw, uniq_polyphemus
Shoals:3: layout_shoals
Shoals:4: shoals_end_grunt_ice, layout_shoals
Spider:1: layout_spider_delve, nicolae_spider_webs_and_nodes,
          guppyfry_spider_mini_3
Spider:2: spiders_nest_scorpion_pit, uniq_agnes
Spider:3: nicolae_spider_corner, hangedman_spider_mandibles
Spider:4: grunt_spider_rune_island, einodemon_crawler_minivault
Orc:1:    layout_caves
Orc:2:    pubby_orc_utopia, serial_shops, uniq_sonja, uniq_donald, uniq_snorg
Elf:1:    minmay_shoctagon, layout_loops_corners, serial_shops,
          nicolae_shop_stone, minivault_28
Elf:2:    layout_geoelf_octagon, st_stairs_6
Elf:3:    grunt_elf_hall_asides, layout_geoelf_octagon, st_stairs_13,
          hangedman_elf_targetted_burst
Vaults:1: vaults_room_door_hall, hangedman_vaults_nails, ontoclasm_vaults_fault,
          v_misc_14, v_misc_18, v_misc_30, vaults_room_guarded_vault,
          nicolae_vaults_theta, v_misc_4, hangedman_vaults_impose,
          vaults_room_door_hall, vaults_room_grid, layout_vaults_omnicross,
          uniq_saint_roka
Vaults:2: ontoclasm_vaults_loading_screen, vaults_room_hallway,
          vaults_mumra_chevron_long, vaults_room_pools,
          minmay_crypt_entry_necro_gods, hangedman_vaults_corner,
          grunt_vaults_hallway_long, sword_in_stone, dpeg_vaults_monster_box,
          v_misc_18, hangedman_vaults_snaps, layout_vaults_ring, serial_shops,
          shop, uniq_nikola
Vaults:3: vaults_standard_mumra_lines, v_misc_14, v_misc_2,
          ontoclasm_vaults_ligature, ontoclasm_vaults_hangar,
          nicolae_vaults_little_squares_5, v_misc_16, v_misc_15, v_misc_26,
          nicolae_vaults_little_squares_6, v_misc_11, layout_vaults_quadrants,
          serial_shops, shop, shop
Vaults:4: hangedman_vaults_cutoff, vaults_room_corners, vaults_standard_mumra_x,
          hangedman_vaults_river_flow, vaults_dpeg_spiral, v_alt_pattern_6,
          nicolae_vaults_network_star, grunt_vaults_diagonal,
          nicolae_vaults_circle_grid_a, nicolae_vaults_little_ls, v_misc_14,
          layout_vaults_omnibox, uniq_jory, uniq_margery
Vaults:5: uniq_mennas, uniq_frederick, uniq_boris
Crypt:1:  layout_misc_corridors, st_stairs_11, moated_statue,
          minmay_misc_feat_cross, serial_sigils_hangedman_stare, uniq_mara
Crypt:2:  layout_rooms, lightli_enter_wizlab_magi_temple, uniq_bai_suzhen
Crypt:3:  cryptofortress_bobbens
Tomb:1
Depths:1: layout_roguey, grunt_hell_entry_dis_mu, nicolae_wwwww,
          chequers_serial_rivers_small_3,
          brannock_guarded_unrand_thermic_engine, minmay_shop_grove,
          firewood_loft
Depths:2: minmay_broken_ring, layout_twisted_cross, hell_entry,
          minmay_staircase_statues_hall_small
Depths:3: minmay_central_circle, layout_cave_shapes, enter_ziggurat_b,
          hangedman_decor_points, grunt_pan_entry_in_and_out, hell_entry,
          minmay_misc_feat_plants, minmay_guarded_unrand_wrath_of_trog,
          infiniplex_staircase_zigzag_3
Depths:4: minmay_the_grid_triangle_9x9_rhombus_thin
          [minmay_the_grid_triangle_9x9_corruption,
          minmay_the_grid_triangle_9x9_prize_center,
          minmay_the_grid_triangle_9x9_swiss_cheese,
          minmay_the_grid_triangle_9x9_fully_insulated_deathbox], layout_basic,
          hell_entry, abyss_entry
Depths:5: evilmike_zot_entry_hall, layout_gridlike, hell_entry,
          dk_noncrumbling_2
Hell

Skill      XL: |  1  2  3  4  5  6  7  8  9 10 11 12 13 14 15 16 17 18 19 20 21 22 23 24 25 26 27 |
---------------+----------------------------------------------------------------------------------+-----
Fighting       | 2 3 4 5 6 7 8 9 10 11 14 17 19 20 21 22 24 | 24.6
Slings         | 6 7 8 9 10 12 13 15 16 18 19 21 24 27 | 27.0
Stealth        | 2 3 4 5 6 7 9 10 11 12 13 | 13.0
Dodging        | 3 4 5 6 7 8 9 10 11 12 13 14 15 16 17 18 22 | 22.7
Short Blades   | 1 2 3 4 5 7 8 9 10 11 | 11.7
Armour         | 2 6 9 11 12 14 15 20 | 20.2
Shields        | 2 6 9 11 12 14 15 20 | 20.2
Conjurations   | 2 |  2.5
Spellcasting   | 1 |  1.5

Action                   |  1- 3 |  4- 6 |  7- 9 | 10-12 | 13-15 | 16-18 | 19-21 | 22-24 | 25-27 || total
-------------------------+-------+-------+-------+-------+-------+-------+-------+-------+-------++-------
Melee: Short sword       |       |       |    36 |       |       |       |       |       |       ||    36
       Whip              |       |       |     2 |    33 |       |       |       |       |       ||    35
       Rapier            |       |       |       |       |       |     5 |       |       |       ||     5
       Fustibalus        |       |       |       |       |       |       |       |       |     4 ||     4
 Fire: Hunting sling     |   132 |   224 |   529 |   745 |   898 |  1947 |  3445 |  2165 |     9 || 10094
       Fustibalus        |       |       |       |   135 |   690 |       |       |   597 |  5273 ||  6695
Throw: Throwing net      |       |     1 |     1 |       |       |       |       |       |     5 ||     7
       Dart              |       |       |       |       |       |     5 |    12 |     3 |     8 ||    28
Invok: Berserk           |       |       |     2 |       |       |       |       |       |       ||     2
       Trog's Hand       |       |       |     1 |     1 |     1 |     2 |     7 |     4 |    23 ||    39
       Brothers in Arms  |       |       |       |     1 |       |     9 |     6 |     4 |    20 ||    40
       Renounce Religion |       |       |       |       |       |       |       |       |     1 ||     1
Evoke: Wand              |       |       |       |     3 |    12 |    10 |    30 |    10 |     8 ||    73
       Phantom mirror    |       |       |       |       |     1 |       |       |       |       ||     1
       Box of beasts     |       |       |       |       |       |       |       |       |     1 ||     1
       Horn of Geryon    |       |       |       |       |       |       |       |       |     1 ||     1
  Use: Scroll            |     5 |     2 |     3 |    13 |    16 |    11 |    11 |     7 |    35 ||   103
       Potion            |       |       |     8 |    10 |     3 |     6 |     7 |     3 |    19 ||    56
  Eat: Chunk             |     1 |     4 |    11 |    15 |    16 |    13 |    22 |    17 |    34 ||   133
       Ration            |       |       |       |     1 |     4 |     5 |     6 |     3 |    19 ||    38
Armor: Leather armour    |    18 |    15 |    20 |    16 |       |       |       |       |       ||    69
       Skin              |       |       |    10 |     6 |       |       |       |       |    58 ||    74
       Chain mail        |       |       |       |    61 |       |       |       |       |       ||    61
       Plate armour      |       |       |       |     2 |    81 |       |       |       |       ||    83
       Scale mail        |       |       |       |       |    11 |    19 |       |       |    66 ||    96
       Troll leather arm |       |       |       |       |       |    10 |   111 |    35 |   118 ||   274
       Gold dragon scale |       |       |       |       |       |       |       |       |    71 ||    71
Dodge: Dodged            |    31 |    51 |    94 |   240 |   279 |   263 |  1231 |   556 |  1719 ||  4464
Block: Buckler           |       |       |    16 |    77 |    84 |       |       |       |       ||   177
       Shield            |       |       |       |       |    90 |   294 |  1209 |   755 |  2607 ||  4955

Table legend:
 A = Non-vault XP
 B = Vault XP
 C = Vault XP percentage of total XP
 D = Non-vault monster count
 E = Vault monster count
 F = Vault count percentage of total count
                 A         B        C        D         E       F
            +---------+---------+-------+---------+---------+-------
      Total |  910353 |  751701 |  45.2 |    1964 |     956 |  32.7
            +---------+---------+-------+---------+---------+-------
        D:1 |      31 |       0 |   0.0 |      20 |       0 |   0.0
        D:2 |      39 |       4 |   9.3 |      11 |       3 |  21.4
        D:3 |     145 |       0 |   0.0 |      37 |       0 |   0.0
        D:4 |     564 |     208 |  26.9 |      33 |       1 |   2.9
        D:5 |     272 |       0 |   0.0 |       6 |       0 |   0.0
        D:6 |     607 |     183 |  23.2 |      12 |       1 |   7.7
        D:7 |    3042 |       0 |   0.0 |      41 |       0 |   0.0
        D:8 |    1928 |       0 |   0.0 |      31 |       0 |   0.0
        D:9 |     759 |     642 |  45.8 |      13 |       2 |  13.3
       D:10 |    1352 |     639 |  32.1 |      24 |       8 |  25.0
       D:11 |    5834 |    3070 |  34.5 |      35 |      41 |  53.9
       D:12 |    4285 |    2504 |  36.9 |      19 |       2 |   9.5
       D:13 |    9788 |    6566 |  40.1 |      32 |      37 |  53.6
       D:14 |    2724 |       0 |   0.0 |      11 |       0 |   0.0
       D:15 |    9829 |    4019 |  29.0 |      21 |       8 |  27.6
     Lair:1 |    4080 |       0 |   0.0 |      22 |       0 |   0.0
     Lair:2 |    6679 |     691 |   9.4 |      27 |      10 |  27.0
     Lair:3 |    2708 |    2245 |  45.3 |       9 |       1 |  10.0
     Lair:4 |    4527 |    1414 |  23.8 |      16 |       4 |  20.0
     Lair:5 |    8678 |    2207 |  20.3 |      26 |       8 |  23.5
     Lair:6 |   14798 |   11768 |  44.3 |      45 |      44 |  49.4
   Shoals:1 |    7991 |    2534 |  24.1 |      18 |       2 |  10.0
   Shoals:2 |   23106 |    7193 |  23.7 |      47 |      10 |  17.5
   Shoals:3 |   14775 |       0 |   0.0 |      32 |       0 |   0.0
   Shoals:4 |   18355 |   18899 |  50.7 |      39 |      28 |  41.8
   Spider:1 |   22344 |    1918 |   7.9 |      72 |       8 |  10.0
   Spider:2 |   29976 |   13500 |  31.1 |      77 |      19 |  19.8
   Spider:3 |    7423 |   21902 |  74.7 |      20 |      39 |  66.1
   Spider:4 |   20846 |   27820 |  57.2 |      61 |      47 |  43.5
      Orc:1 |    1899 |     308 |  14.0 |      20 |      11 |  35.5
      Orc:2 |     621 |   22696 |  97.3 |       2 |     138 |  98.6
      Elf:1 |   29444 |   10057 |  25.5 |      48 |      17 |  26.2
      Elf:2 |   30120 |    6629 |  18.0 |      46 |       6 |  11.5
      Elf:3 |   17364 |   39312 |  69.4 |      26 |      32 |  55.2
   Vaults:1 |   27290 |   33055 |  54.8 |      44 |      48 |  52.2
   Vaults:2 |   49051 |   21369 |  30.3 |      65 |      18 |  21.7
   Vaults:3 |   18167 |   15806 |  46.5 |      24 |      17 |  41.5
   Vaults:4 |   17416 |   34941 |  66.7 |      34 |      25 |  42.4
   Vaults:5 |   38881 |  158862 |  80.3 |      58 |      95 |  62.1
    Crypt:1 |   17593 |    9757 |  35.7 |      35 |       2 |   5.4
    Crypt:2 |   34722 |    7180 |  17.1 |      53 |       4 |   7.0
    Crypt:3 |       0 |   63665 | 100.0 |       0 |      72 | 100.0
     Tomb:1 |    5443 |   17621 |  76.4 |      25 |      14 |  35.9
   Depths:1 |   50450 |    1111 |   2.2 |      73 |       5 |   6.4
   Depths:2 |   30652 |   12930 |  29.7 |      32 |      10 |  23.8
   Depths:3 |   32082 |   71718 |  69.1 |      44 |      52 |  54.2
   Depths:4 |   49558 |   38899 |  44.0 |      66 |      20 |  23.3
   Depths:5 |   75537 |   23000 |  23.3 |      79 |      11 |  12.2
       Hell |    8584 |   13542 |  61.2 |      11 |      18 |  62.1
    Abyss:1 |   32495 |       0 |   0.0 |      86 |       0 |   0.0
    Abyss:2 |   23772 |       0 |   0.0 |      52 |       0 |   0.0
    Abyss:3 |   40582 |     163 |   0.4 |      66 |       1 |   1.5
    Abyss:4 |   39057 |   13980 |  26.4 |      86 |      12 |  12.2
     WizLab |   12088 |    5174 |  30.0 |      32 |       5 |  13.5
            +---------+---------+-------+---------+---------+-------
